 Dungeon Crawl Stone Soup version 0.28.0 (webtiles) character file.

Game seed: 6488139232184751231

67328 RepoMan the Fighter (level 14, -6/115 HPs)
             Began as a Mummy Cinder Acolyte on Feb 15, 2022.
             Was a Follower of Ru.
             Mangled by a six-headed hydra (19 damage)
             ... anointed by Ignis
             ... on level 6 of the Lair of Beasts on Feb 16, 2022.
             The game lasted 02:50:41 (25990 turns).

RepoMan the Fighter (Mummy Cinder Acolyte)         Turns: 25990, Time: 02:50:41

Health: -6/115     AC: 13    Str: 16 (17) XL:     14   Next: 82%
Magic:  30/30      EV: 10    Int: 25      God:    Ru [*.....]
Gold:   111        SH:  0    Dex: 12      Spells: 4/37 levels left

rFire   x . .      SeeInvis +   t - +5 scimitar (flame)
rCold   + . .      Faith    .   (no shield)
rNeg    + + +      Spirit   .   H - +2 scale mail "Ceilik" {Dex+5}
rPois   ∞          Reflect  .   y - +2 helmet {SInv}
rElec   .          Harm     .   (no cloak)
rCorr   +          Rampage  .   (no gloves)
Will    +....                   q - +0 pair of boots
Stlth   ..........              f - amulet of regeneration
HPRegen 1.09/turn               m - ring of resist corrosion
MPRegen 0.22/turn               w - +6 ring of intelligence

@: no status effects
A: cold resistance 1, negative energy resistance 3, torment resistance 2, heat
vulnerability 1, in touch with death 1, missing an eye, no potions
a: Renounce Religion


You were on level 6 of the Lair of Beasts.
You worshipped Ru.
Ru was aware of your devotion.
You visited 4 branches of the dungeon, and saw 22 of its levels.
You also visited: Ossuary and Ice Cave.

You collected 1872 gold pieces.
You spent 1761 gold pieces at shops.

Inventory:

Hand Weapons
 a - a +0 spear of flaming
 i - a +0 dagger of venom
 t - a +5 scimitar of flaming (weapon)
 C - a +0 lajatang
Missiles
 c - 8 javelins
 e - 437 stones
 g - 13 curare-tipped darts
 l - 16 poisoned darts
Armour
 q - a +0 pair of boots (worn)
 y - a +2 helmet of see invisible (worn)
 A - a +0 robe of fire resistance
 B - a +0 troll leather armour
 H - the +2 scale mail "Ceilik" (worn) {Dex+5}
   (You found it on level 5 of the Lair of Beasts)

   Dex:       It affects your dexterity (+5).
Magical Staves
 E - a staff of air
Jewellery
 f - an amulet of regeneration (around neck)
 m - a ring of resist corrosion (left hand)
 p - an amulet of guardian spirit
 r - a ring of flight
 w - a +6 ring of intelligence (right hand)
 I - a ring of see invisible
Wands
 b - a wand of iceblast (4)
 h - a wand of flame (5)
 n - a wand of charming (9)
 s - a wand of digging (3)
 G - a wand of polymorph (3)
 K - a wand of paralysis (3)
Scrolls
 d - 2 scrolls of fog
 j - 9 scrolls of teleportation
 k - 2 scrolls of vulnerability
 o - a scroll of acquirement {unknown}
 v - 2 scrolls of immolation
 x - a scroll of amnesia
 z - 6 scrolls of identify
 J - a scroll of magic mapping
Miscellaneous
 u - a phantom mirror (inert)


   Skills:
 - Level 12.2 Fighting
 + Level 3.2 Long Blades
 - Level 10.0 Polearms
 - Level 4.2 Armour
 - Level 3.0 Dodging
 + Level 12.2 Spellcasting
 - Level 7.1 Necromancy
 + Level 0.4 Transmutations
 - Level 2.5 Fire Magic
 * Level 6.2 Earth Magic
 - Level 7.0 Poison Magic
 - Level 9.3 Evocations


You had 4 spell levels left.
You knew the following spells:

 Your Spells              Type           Power      Damage    Failure   Level
a - Agony                 Necr           67%        N/A       21%         5
i - Inner Flame           Hex/Fire       21%        N/A       24%         3
p - Ignite Poison         Fire/Tmut/Pois 32%        N/A       11%         3
q - Pain                  Necr           100%       1d9       1%          1
r - Scorch                Fire           56%        2d8       7%          2
t - Olgreb's Toxic Radia  Pois           50%        N/A       8%          4
v - Poisonous Vapours     Pois/Air       64%        N/A       4%          2
w - Excruciating Wounds   Necr           33%        N/A       21%         5
A - Anguish               Hex/Necr       24%        N/A       30%         4
P - Petrify               Tmut/Erth      32%        N/A       34%         4

Your spell library contained the following spells:

 Spells                   Type           Power      Damage    Failure   Level
 Ensorcelled Hibernation  Hex/Ice        30%        N/A       21%         2
 Cause Fear               Hex            7%         N/A       80%         4
 Fireball                 Conj/Fire      10%        3d6       91%         5
 Irradiate                Conj/Tmut      8%         3d16      98%         5
 Iskenderun's Battlesphe  Conj           15%        2d7       98%         5
 Conjure Ball Lightning   Conj/Air       7%         3x3d6     100%        6
 Orb of Destruction       Conj           7%         9d6       100%        7
 Discord                  Hex            7%         N/A       100%        8
 Disjunction              Tloc           7%         N/A       100%        8
 Sublimation of Blood     Necr           Unusable   N/A       N/A         2
 Spider Form              Tmut/Pois      Unusable   N/A       N/A         3

Dungeon Overview and Level Annotations

Branches:
Dungeon (13/15)            Temple (1/1) D:6            Lair (6/6) D:10
  Swamp (0/4) Lair:3       Spider (0/4) Lair:4        Slime (0/5) Lair:6
    Orc (2/2) D:9             Elf (0/3) Orc:2       Ossuary (visited)
  IceCv (visited)
 Vaults: D:13-14

Altars:
Ashenzari
Cheibriados
Dithmenos
Elyvilon
Fedhas
Gozag
Hepliaklqana
Kikubaaqudgha
Makhleb
Nemelex Xobeh
Okawaru
Qazlal
Ru
Sif Muna
Trog
Uskayaw
Vehumet
Wu Jian
Xom
Yredelemnul
Zin
The Shining One
Beogh
Jiyva

Shops:
D:1 *   D:4 (   D:8 *   D:12 (   Orc:2 *:=(

Annotations:
D:4 exclusion: downstairs
D:5 Sigmund
D:7 exclusion: downstairs
D:12 3 runed translucent doors, martbhell's ghost, journeyman MiFi
Orc:1 1 runed translucent door


Innate Abilities, Weirdness & Mutations

You are immune to poison.
Your flesh is cold resistant. (rC+)
You are immune to negative energy. (rN+++)
You are immune to unholy pain and torment.
You are vulnerable to heat. (rF-)
You are in touch with the powers of death.
You are missing an eye, making it more difficult to aim.
You do not drink.


Message History

The seven-headed hydra closely misses you.
The seven-headed hydra bites you but does no damage.
The seven-headed hydra barely misses you.
The seven-headed hydra bites you.
The seven-headed hydra completely misses you.
The seven-headed hydra bites you but does no damage. x2
The seven-headed hydra completely misses you.
The seven-headed hydra bites you.
The seven-headed hydra bites you but does no damage.
You slice one of the seven-headed hydra's heads off!
The flame cauterises the wound!
You slash the six-headed hydra! You burn the six-headed hydra.
The six-headed hydra is lightly wounded.
The six-headed hydra bites you! x2; The six-headed hydra barely misses you.
The six-headed hydra bites you but does no damage. x3
Unknown command.
Casting: Anguish (dangerous; 30% risk of failure)
Confirm with . or Enter, or press ? or * to list all spells.
Aiming: Petrify (dangerous; 34% risk of failure)
Press: ? - help, Shift-Dir - straight line, f/p - six-headed hydra
Aim: a six-headed hydra (chance to affect: 27%)
The six-headed hydra easily resists.
You completely miss the six-headed hydra.
You punch the six-headed hydra.
The six-headed hydra is lightly wounded.
The six-headed hydra barely misses you.
The six-headed hydra bites you but does no damage.
The six-headed hydra bites you! x2; The six-headed hydra bites you.
The six-headed hydra bites you but does no damage.
Ignis anoints the six-headed hydra as an instrument of vengeance!
The six-headed hydra is coated in flames, covering ground quickly and attacking fiercely!
The six-headed hydra bites you but does no damage.
The six-headed hydra bites you.
You are engulfed in flames!!!
The fire burns you terribly! The six-headed hydra bites you!
You are engulfed in flames!!
The fire burns you terribly!
* * * LOW HITPOINT WARNING * * *
The six-headed hydra bites you!
* * * LOW HITPOINT WARNING * * *
You are engulfed in flames!!
The fire burns you terribly!
You die...

...÷P# ###.#####
.##÷.###.P...#.#########
##...P....P.....#P..P..###
###.....P♣..P...#.P......#
..##...P..♣♣P♣....PPPP..#.
.......PP.P.♣.PP..PPPPP.PP
.........P.PP♣....PPPPPP..
............♣♣P...PPP.....
..............PP@..P......
..............PD..........
.............P....<.......
#............P............
##........<...............
#........................
##......♣.♣♣......#......
#...#.#♣.P♣♣...####.##.#
#.^####♣.P♣♣♣..# ## ##


You could see a six-headed hydra (flame-wreathed).

Vanquished Creatures
  Gastronok (D:8)
  Josephine (Orc:1)
  12 hydras
  A catoblepas (Lair:4)
  Erica (D:9)
  2 ogre magi (Orc:2)
  9 two-headed ogres
  6 death yaks
  Sonja (D:12)
  A bog body (Lair:3)
  2 deep trolls (Orc:2)
  An orc sorcerer (Orc:1)
  2 orc knights
  3 cyclopes
  A manticore (D:12)
  5 black mambas
  15 elephants
  3 torpor snails
  8 cane toads
  Psyche (D:8)
  5 rime drakes
  9 komodo dragons
  8 trolls (Orc:2)
  3 polar bears
  A slime creature (D:12)
  A dream sheep (Lair:4)
  10 blink frogs
  A culicivora (Lair:4)
  4 wyverns
  2 wraiths (D:9)
  3 basilisks
  51 yaks
  Grum (D:8)
  3 steam dragons
  A warg (Orc:2)
  20 water moccasins
  3 ice beasts
  14 orc warriors
  2 sky beasts (D:6)
  4 black bears
  A necrophage (D:6)
  17 ogres
  17 wolves
  11 centaurs
  2 phantoms (D:9)
  A kobold brigand (D:9)
  14 bullfrogs
  2 scorpions
  A hornet simulacrum (D:8)
  A troll zombie (D:9)
  A water moccasin skeleton (D:7)
  4 killer bees (D:8)
  The ghost of whodunnit the Skirmisher, a weakling DsMo (D:3)
  7 wights
  An electric eel (D:8)
  2 hounds (D:6)
  7 centaur zombies
  A gnoll shaman (D:5)
  10 orc priests
  An iguana (D:6)
  13 orc wizards
  2 hell rats (Lair:1)
  7 ogre zombies (D:9)
  A killer bee simulacrum (D:8)
  9 mummies
  A howler monkey zombie (D:9)
  10 adders
  4 gnolls (D:4)
  8 river rats (Lair:1)
  A shadow imp (D:6)
  4 white imps
  2 worms (D:4)
  3 dart slugs
  55 orcs
  7 endoplasms
  4 giant cockroaches
  2 gnoll zombies (Ossuary)
  5 hobgoblins
  A quokka (D:2)
  6 ball pythons
  8 bats
  5 frilled lizards
  7 goblins
  3 goblin zombies (D:9)
  A hobgoblin skeleton (D:9)
  5 hobgoblin zombies
  15 kobolds
  2 kobold zombies (Ossuary)
  An orc skeleton (D:9)
  21 orc zombies
  4 rats
541 creatures vanquished.

Vanquished Creatures (collateral kills)
  A centaur warrior (D:12)
  A two-headed ogre (Orc:2)
  A troll (Orc:2)
  4 slime creatures (D:12)
  A warg (Orc:2)
  3 ogres (Orc:2)
  A wyvern simulacrum (D:8)
  An orc (D:12)
13 creatures vanquished.

Vanquished Creatures (others)
  A two-headed ogre (Orc:2)
  A black mamba (Lair:3)
  A cane toad (Lair:6)
  An ufetubus (D:8)
  25 bushes (Lair:6)
  22 foxfires (D:10)
  28 fungi
  73 plants
152 creatures vanquished.

Grand Total: 706 creatures vanquished

Notes
Turn   | Place    | Note
-------+----------+-------------------------------------------
     0 | D:1      | RepoMan the Mummy Cinder Acolyte began the quest for the
                  | Orb.
     0 | D:1      | Reached XP level 1. HP: 18/18 MP: 2/2
   311 | D:1      | Reached XP level 2. HP: 24/24 MP: 5/5
   315 | D:1      | Learned a level 2 spell: Scorch
   541 | D:1      | Found Lutez's General Store.
   593 | D:1      | Bought a scroll of identify for 20 gold pieces
  1239 | D:2      | Reached XP level 3. HP: 30/30 MP: 1/7
  1718 | D:2      | Reached XP level 4. HP: 32/37 MP: 1/9
  2905 | D:3      | Reached XP level 5. HP: 34/43 MP: 0/11
  3196 | D:3      | Found a runed translucent door.
  3199 | D:3      | Noticed whodunnit's ghost (weakling DsMo)
  3223 | D:3      | Reached skill level 5 in Fighting
  3223 | D:3      | Reached skill level 5 in Spellcasting
  3223 | D:3      | Reached XP level 6. HP: 14/51 MP: 0/13
  3339 | D:3      | Killed whodunnit's ghost
  3724 | D:3      | Found a faded altar of an unknown god.
  4271 | D:4      | Found Cystin's Weapon Emporium.
  4371 | D:4      | You fall into a shaft and drop 3 floors!
  4378 | D:6      | Noticed an ice beast
  4423 | D:7      | Found a sand-covered staircase.
  4519 | Ossuary  | Entered an ossuary
  4558 | Ossuary  | Reached XP level 7. HP: 58/58 MP: 1/16
  5340 | D:6      | Reached XP level 8. HP: 67/67 MP: 1/19
  5512 | D:5      | Entered Level 5 of the Dungeon
  6361 | D:5      | Noticed Sigmund
  6484 | D:6      | Reached skill level 1 in Evocations
  6656 | D:6      | Found a staircase to the Ecumenical Temple.
  6661 | Temple   | Entered the Ecumenical Temple
  7258 | D:7      | Found a sacrificial altar of Ru.
  7361 | D:7      | Reached XP level 9. HP: 63/75 MP: 16/22
  7789 | D:7      | Reached skill level 10 in Spellcasting
  7978 | D:8      | Noticed a polar bear
  7992 | D:7      | Killed a polar bear
  8065 | D:8      | Noticed Psyche
  8065 | D:8      | Noticed a cyclops
  8158 | D:8      | Killed Psyche
  8161 | D:8      | Noticed Gastronok
  8334 | D:8      | Reached skill level 10 in Fighting
  8688 | D:8      | Reached XP level 10. HP: 84/85 MP: 17/24
  9071 | D:8      | Reached skill level 5 in Polearms
  9426 | D:8      | Noticed Grum
  9436 | D:8      | Killed Grum
  9457 | D:8      | Killed a cyclops
  9458 | D:8      | Reached skill level 5 in Evocations
  9592 | D:8      | Found Wigypt's Serpentskin Sales.
  9596 | D:8      | Bought the Reference Book on Poison for 176 gold pieces
  9596 | D:8      | Bought the Compendium of Toxins for 242 gold pieces
  9596 | D:8      | Bought 3 curare-tipped darts for 19 gold pieces
  9596 | D:8      | Bought 2 curare-tipped darts for 13 gold pieces
  9600 | D:8      | Learned a level 2 spell: Poisonous Vapours
  9604 | D:8      | Learned a level 3 spell: Ignite Poison
  9642 | D:8      | Reached skill level 1 in Poison Magic
  9742 | D:8      | Learned a level 4 spell: Olgreb's Toxic Radiance
  9802 | D:8      | Killed Gastronok
 11377 | D:9      | Reached XP level 11. HP: 90/90 MP: 17/25
 11505 | D:9      | Noticed a two-headed ogre
 11520 | D:9      | Killed a two-headed ogre
 11521 | D:9      | Reached skill level 5 in Poison Magic
 11674 | D:9      | Found a staircase to the Orcish Mines.
 11949 | D:9      | Noticed Erica
 11956 | D:9      | Killed Erica
 12067 | D:10     | Entered Level 10 of the Dungeon
 12214 | D:10     | Noticed an eight-headed hydra
 12223 | D:10     | Killed a seven-headed hydra
 12465 | D:10     | Found a staircase to the Lair.
 12690 | D:10     | Noticed a two-headed ogre
 12695 | D:10     | Killed a two-headed ogre
 12878 | Orc:1    | Entered Level 1 of the Orcish Mines
 12891 | Orc:1    | Noticed Josephine
 12901 | Orc:1    | Killed Josephine
 13345 | Orc:1    | Found a runed translucent door.
 13479 | Orc:2    | Entered Level 2 of the Orcish Mines
 13479 | Orc:2    | Noticed an orc knight
 13486 | Orc:2    | Killed an orc knight
 13675 | Orc:1    | Noticed an orc knight
 13823 | Orc:2    | Noticed a deep troll
 13996 | Orc:1    | Noticed an orc knight
 14002 | Orc:1    | Killed an orc knight
 14396 | Orc:1    | Noticed an orc sorcerer
 14400 | Orc:1    | Killed an orc sorcerer
 14401 | Orc:1    | Reached XP level 12. HP: 100/100 MP: 18/26
 14848 | Orc:2    | Noticed a two-headed ogre
 14854 | Orc:2    | Noticed a two-headed ogre
 14855 | Orc:2    | Killed a two-headed ogre
 14967 | Orc:2    | Killed a two-headed ogre
 15117 | Orc:2    | Noticed a two-headed ogre
 15121 | Orc:2    | Killed a two-headed ogre
 15169 | Orc:2    | Noticed a two-headed ogre
 15172 | Orc:2    | Killed a two-headed ogre
 15275 | Orc:2    | Noticed an ogre mage
 15276 | Orc:2    | Noticed an ogre mage
 15281 | Orc:2    | Killed an ogre mage
 15281 | Orc:2    | Paralysed by an ogre mage for 6 turns
 15283 | Orc:2    | Noticed a two-headed ogre
 15288 | Orc:2    | Killed an ogre mage
 15296 | Orc:2    | Killed a two-headed ogre
 15309 | Orc:2    | Noticed a two-headed ogre
 15342 | Orc:2    | Found a staircase to the Elven Halls.
 15347 | Orc:2    | Noticed a two-headed ogre
 15460 | Orc:2    | Killed a two-headed ogre
 15910 | Orc:2    | Noticed a two-headed ogre
 15913 | Orc:2    | Killed a two-headed ogre
 16195 | Orc:2    | Found Leopp's Assorted Antiques.
 16198 | Orc:2    | Found Pihoofru's Book Shoppe.
 16200 | Orc:2    | Found Loas's Jewellery Shop.
 16204 | Orc:2    | Found Ylirafigiu's Weapon Emporium.
 16233 | Orc:2    | Bought a book of Pain for 420 gold pieces
 16233 | Orc:2    | Bought a book of Alchemy for 420 gold pieces
 16236 | Orc:2    | Learned a level 1 spell: Pain
 16240 | Orc:2    | Learned a level 3 spell: Inner Flame
 16245 | Orc:2    | Learned a level 4 spell: Petrify
 16251 | Orc:2    | Learned a level 5 spell: Agony
 16532 | Lair:1   | Entered Level 1 of the Lair of Beasts
 16668 | Lair:1   | You fall into a shaft and drop 1 floor!
 16687 | Lair:2   | Reached skill level 1 in Necromancy
 16687 | Lair:2   | Reached skill level 1 in Earth Magic
 16687 | Lair:2   | Gained mutation: You are in touch with the powers of death.
                  | [Mummy growth]
 16687 | Lair:2   | Reached XP level 13. HP: 88/108 MP: 14/28
 16698 | Lair:2   | Found a frozen archway.
 16707 | IceCv    | Entered an ice cave
 18482 | Lair:2   | Reached skill level 1 in Armour
 18697 | Lair:2   | Reached skill level 1 in Dodging
 18858 | Lair:2   | Reached skill level 5 in Necromancy
 19174 | Lair:2   | Identified the +3 ring mail of Unlat {rF- Str+3}
 19927 | Lair:3   | Found a staircase to the Swamp.
 20227 | Lair:3   | Learned a level 5 spell: Excruciating Wounds
 20763 | Lair:4   | Learned a level 5 spell: Irradiate
 20799 | Lair:4   | Reached XP level 14. HP: 85/115 MP: 4/29
 20980 | Lair:4   | Found a hole to the Spider Nest.
 21717 | Lair:4   | Identified the +3 short sword of Jiucsym {freeze, rCorr}
 22740 | Lair:4   | Reached skill level 10 in Polearms
 22740 | Lair:4   | Reached skill level 5 in Earth Magic
 22985 | Lair:5   | Learned a level 4 spell: Anguish
 23173 | Lair:5   | Reached skill level 1 in Long Blades
 23593 | Lair:5   | Identified the +2 scale mail "Ceilik" {Dex+5}
 23897 | D:7      | Fell from the grace of Ignis
 23897 | D:7      | Became a worshipper of Ru the Awakened
 24095 | Orc:2    | Bought a scroll of teleportation for 63 gold pieces
 24095 | Orc:2    | Bought a scroll of teleportation for 63 gold pieces
 24095 | Orc:2    | Bought a wand of digging (2) for 168 gold pieces
 24095 | Orc:2    | Bought a scroll of magic mapping for 73 gold pieces
 24095 | Orc:2    | Bought a short brass wand for 84 gold pieces
 24384 | D:11     | You fall into a shaft and drop 2 floors!
 24530 | D:12     | Noticed Sonja
 24534 | D:12     | Killed Sonja
 24537 | D:12     | Found Cosum's Antique Weapon Boutique.
 24585 | D:12     | Found a runed translucent gate.
 24586 | D:12     | Found a runed translucent gate.
 24586 | D:12     | Noticed martbhell's ghost (journeyman MiFi)
 24588 | D:12     | Found a runed translucent gate.
 25200 | D:11     | Gained mutation: You are missing an eye, making it more
                  | difficult to aim. [Ru sacrifice]
 25200 | D:11     | Reached * piety under Ru
 25414 | Lair:6   | Entered Level 6 of the Lair of Beasts
 25762 | Lair:6   | Found a staircase to the Slime Pits.
 25763 | Lair:6   | Found a viscous altar of Jiyva.
 25763 | Lair:6   | Found the +8 orange crystal plate armour {Archmagi, Int+3
                  | Clar}
 25990 | Lair:6   | Mangled by a six-headed hydra

Illustrated notes

Levels and vault maps discovered:
D:1:      mrwooster_arrival_arrow, layout_basic, serial_shops,
          nicolae_shop_advertising_works [nicolae_subvault_shop_adworks],
          hangedman_decor_slide_cut, serial_bayou_crossing
D:2:      minmay_door_path, layout_basic
D:3:      layout_loops_ring, shapermc_ecumenical_altar_mp_highgroup,
          ebering_ghost_sewer_d, nicolae_elevator_lobby_plus
D:4:      layout_loops_ring, serial_shops, shop, kennysheep_another_room
D:5:      layout_cave_pools, serial_gnoll_camp, gnoll_camp_mini_hut,
          gnoll_camp_mini_loothouse, gnoll_camp_mini_hut, gnoll_camp_medium_01,
          minmay_small_thing, uniq_sigmund, uniq_pikel
D:6:      layout_loops_cross, minmay_temple_entry_gardened_gates
D:7:      layout_cave_pools, nicolae_ru_awakened_eye, nicolae_ossuary_entry_giza
D:8:      layout_basic, serial_ice, serial_ice_e, serial_ice_f, serial_ice_k,
          serial_ice_o, minmay_stone_trees_large, guppyfry_shop_venom,
          uniq_gastronok, uniq_psyche, uniq_grum
D:9:      layout_loops_ring, zombieorc2_lemuel, uniq_erica
D:10:     layout_basic, grunt_lair_entry_orc_guard_hut
D:11:     layout_stronghold, chequers_serial_rivers_room_a
D:12:     layout_long_grid, serial_shops, shop, gammafunk_ghost_hydra_chop,
          uniq_urug, uniq_sonja
D:13:     layout_cave_pools, skrybe_vaults_entry_preservation, serial_shops,
          shop
Temple:   compressed_dpeg_circular_temple
Lair:1:   layout_cellular_growth, kennysheep_rathole, grunt_megastairs_1,
          infiniplex_staircase_pool
Lair:2:   layout_cave_pods, portal_ice_cave_entry_pillars_1,
          guppyfry_lair_drakes
Lair:3:   layout_misc_corridors, skrybe_swamp_entry_bodies
Lair:4:   cheibrodos_lair_river_kwai, layout_concentric_octagons,
          spider_nest_entry_rubble, minmay_shattered_shrine
Lair:5:   layout_big_grid, grunt_megastairs_2
Lair:6:   hangedman_lair_in_review, layout_hall_layers,
          hangedman_lair_caniforms_friends, slime_altar_1, serial_forest,
          infiniplex_forest_clump_curved, infiniplex_forest_zigzag_1,
          infiniplex_forest_lined_room_2, infiniplex_forest_clump_cross,
          infiniplex_forest_corner_2, infiniplex_forest_lined_3_way,
          infiniplex_forest_clump_C, infiniplex_forest_lined_room_3,
          infiniplex_forest_clump_small, infiniplex_forest_end_1
Orc:1:    layout_caves, nicolae_orc_pool_cavern, nicolae_orc_rockfall,
          lightli_church_of_beogh, uniq_josephine
Orc:2:    st_orc_open, layout_caves, basic_altar

Skill      XL: |  1  2  3  4  5  6  7  8  9 10 11 12 13 14 |
---------------+-------------------------------------------+-----
Spellcasting   | 2 3 4 5 6 7 9 10 11 12 | 12.2
Fighting       | 4 5 6 7 8 10 11 12 | 12.2
Evocations     | 2 4 6 8 9 |  9.3
Polearms       | 3 6 7 9 10 | 10.0
Poison Magic   | 4 7 |  7.0
Necromancy     | 1 6 7 |  7.1
Earth Magic    | 1 4 6 |  6.2
Armour         | 2 4 |  4.2
Dodging        | 2 3 |  3.0
Long Blades    | 3 |  3.2
Transmutations | |  0.4
Fire Magic     | |  2.5

Action                   |  1- 3 |  4- 6 |  7- 9 | 10-12 | 13-15 || total
-------------------------+-------+-------+-------+-------+-------++-------
Melee: Spear             |    57 |    34 |    54 |   128 |    66 ||   339
       Punch             |       |     1 |     2 |     2 |     7 ||    12
       Scimitar          |       |       |       |     1 |    62 ||    63
       Lajatang          |       |       |       |       |    93 ||    93
Throw: Dart              |     8 |     4 |     2 |     3 |       ||    17
       Stone             |       |     3 |       |       |       ||     3
       Javelin           |       |       |       |     2 |       ||     2
 Cast: Scorch            |    26 |    90 |   169 |   210 |   104 ||   599
       Poisonous Vapours |       |       |       |   111 |    99 ||   210
       Ignite Poison     |       |       |       |    67 |    70 ||   137
       Olgreb's Toxic Ra |       |       |       |    31 |    39 ||    70
       Pain              |       |       |       |     1 |     8 ||     9
       Petrify           |       |       |       |       |    14 ||    14
       Excruciating Woun |       |       |       |       |     5 ||     5
       Agony             |       |       |       |       |    11 ||    11
       Anguish           |       |       |       |       |     1 ||     1
Invok: Fiery Armour      |       |     2 |     2 |     7 |     1 ||    12
       Foxfire Swarm     |       |       |       |     1 |       ||     1
       Sacrifice an Eye  |       |       |       |       |     1 ||     1
Evoke: Wand              |       |       |    11 |    12 |    31 ||    54
       Phantom mirror    |       |       |       |     2 |     2 ||     4
  Use: Scroll            |       |     6 |     5 |     6 |    13 ||    30
 Stab: Petrified         |       |       |       |       |    27 ||    27
       Petrifying        |       |       |       |       |     1 ||     1
Armor: Robe              |     7 |    14 |    13 |       |    15 ||    49
       Leather armour    |       |       |    27 |    78 |       ||   105
       Troll leather arm |       |       |       |     9 |   114 ||   123
       Scale mail        |       |       |       |       |    44 ||    44
Dodge: Dodged            |    30 |    46 |   120 |   137 |   234 ||   567
